 Dungeon Crawl Stone Soup version 0.22.1-1-ga44c0e56f4 (webtiles) character file.

71 Peloso the Skirmisher (level 4, -7/41 HPs)
             Began as a Minotaur Fighter on Oct 3, 2018.
             Killed from afar by an orc wizard (11 damage)
             ... with a puff of frost
             ... on level 2 of the Dungeon.
             The game lasted 00:02:12 (789 turns).

Peloso the Skirmisher (Minotaur Fighter)             Turns: 789, Time: 00:02:13

Health: -7/41      AC:  7    Str: 21    XL:     4   Next: 5%
Magic:  3/3        EV:  7    Int:  5    God:
Gold:   74         SH:  9    Dex: 10    Spells: 3/3 levels left

rFire    . . .     SeeInvis .   a - +0 long sword
rCold    . . .     Gourm    .   c - +0 shield
rNeg     . . .     Faith    .   b - +0 scale mail
rPois    .         Spirit   .   (helmet restricted)
rElec    .         Reflect  .   (no cloak)
rCorr    .         Harm     .   (no gloves)
MR       .....                  (no boots)
Stlth    ..........             (no amulet)
HPRegen  0.13/turn              (no ring)
MPRegen  0.08/turn              (no ring)

@: no status effects
A: retaliatory headbutt, horns 2
a: no special abilities


You were on level 2 of the Dungeon.
You were not hungry.

You visited 1 branch of the dungeon, and saw 2 of its levels.

You collected 74 gold pieces.

Inventory:

Hand Weapons
 a - a +0 long sword (weapon)
Armour
 b - a +0 scale mail (worn)
 c - a +0 shield (worn)
Jewellery
 h - an uncursed amulet of rage
Scrolls
 e - 2 scrolls of remove curse
 g - a scroll of magic mapping {unknown}
 i - a scroll of enchant armour {unknown}
 k - a scroll of amnesia {unknown}
 m - 3 scrolls of identify {unknown}
Potions
 d - a potion of might
 j - a potion of mutation {unknown}
 l - a potion of haste {unknown}
Comestibles
 f - 2 rations


   Skills:
 + Level 4.5 Fighting
 + Level 3.2 Long Blades
 + Level 4.3 Armour
 + Level 0.4 Dodging
 + Level 4.1 Shields


You had 3 spell levels left.
You didn't know any spells.
Your spell library was empty.

Dungeon Overview and Level Annotations

Branches:
Dungeon (2/15)

Altars:


Innate Abilities, Weirdness & Mutations

You reflexively headbutt those who attack you in melee.
You have a pair of horns on your head.


Message History

You block the orc's attack.
The orc wizard looks satisfied for a moment.
You barely miss the orc wizard. Your headbutt misses the orc wizard.
The orc wizard is severely wounded.
The orc hits you with a whip.
* * * LOW HITPOINT WARNING * * *
The orc wizard hits you with a dagger.
* * * LOW HITPOINT WARNING * * *
The orc hits you but does no damage.
The orc wizard hits you but does no damage.
You hit the orc wizard but do no damage.
The orc wizard is severely wounded.
The orc hits you but does no damage. You block the orc wizard's attack.
Unknown command.
You completely miss the orc wizard.
The orc wizard is severely wounded.
The orc barely misses you.
The orc wizard gestures at you while chanting.
The puff of frost hits you!
You die...

#.## .# .#
#..##############.##..
#.............#.....
#.....#####.#.#.#.##.###
##.##.# #.#..........#
##.##.#####.#.#.#.##...#
##.#.#....##..(..#.# #
##.###).....###.#.#.#
#.## ##(....[.@o...##
##.###.......o#...##
##.#...>.............
##..........##...###
###.#(..........#
#.......###..##
#.#.....# ..# #.....>.#
.# #.####.##


You could see an orc wizard and an orc.

Vanquished Creatures
  A gnoll (D:1)
  2 adders (D:2)
  An ooze (D:1)
  A dart slug (D:2)
  2 orcs (D:2)
  5 bats (D:1)
  A giant cockroach (D:2)
  4 goblins (D:1)
  4 hobgoblins
  A ball python (D:2)
  9 kobolds
  6 rats
37 creatures vanquished.

Notes
Turn   | Place    | Note
-------+----------+-------------------------------------------
     0 | D:1      | Peloso the Minotaur Fighter began the quest for the Orb.
     0 | D:1      | Reached XP level 1. HP: 19/19 MP: 0/0
    24 | D:1      | Reached XP level 2. HP: 23/27 MP: 1/1
   315 | D:1      | Reached XP level 3. HP: 29/33 MP: 2/2
   737 | D:2      | Reached XP level 4. HP: 24/41 MP: 3/3
   789 | D:2      | Killed from afar by an orc wizard

Skill      XL: |  1  2  3 |
---------------+----------+-----
Fighting       | 4 |  4.5
Shields        | 4 |  4.1
Armour         | 4 |  4.3
Long Blades    | 3 |  3.2
Dodging        | |  0.4

Action                   |  1- 3 |  4- 6 || total
-------------------------+-------+-------++-------
Melee: Long sword        |    79 |    11 ||    90
       Headbutt          |     8 |     2 ||    10
  Use: Scroll            |       |     1 ||     1
Armor: Scale mail        |    51 |     7 ||    58
Dodge: Dodged            |    27 |     1 ||    28
Block: Shield            |    59 |     7 ||    66
       Rpst.: Long sword |     6 |       ||     6
